TOP OF THE 1ST |
Salem-Keizer Volcanoes batting - Pitching for Rome Braves : RHP Jimmy Loudner
|
Pitching: RHP Jimmy Loudner
|
|
Batting: RHB Ryan Bentz
|
0-0: Called Strike 0-1: Foul Ball, location: 2F 0-2: Ground out 6-3 (Groundball, 6, EV 86.2 MPH)
|
Batting: RHB Troy Trice
|
0-0: Called Strike 0-1: Ground out 6-3 (Groundball, 6, EV 89.4 MPH)
|
Batting: LHB Mason Duffy
|
0-0: Ball 1-0: Ball 2-0: Foul Ball, location: 2F 2-1: Foul Ball, location: 2F 2-2: Foul Ball, location: 2F 2-2: Ball 3-2: Base on Balls
|
Batting: RHB Jason Gregor
|
0-0: Ball Mason Duffy is caught stealing 2nd base 2-4
|
Top of the 1st over - 0 runs, 0 hits, 0 errors, 0 left on base; Salem-Keizer 0 - Rome 0 |
BOTTOM OF THE 1ST |
Rome Braves batting - Pitching for Salem-Keizer Volcanoes : RHP Dan Giles
|
Pitching: RHP Dan Giles
|
|
Batting: RHB Rafael Reyes
|
0-0: Ball 1-0: Foul Ball, location: 2F 1-1: Called Strike 1-2: Foul Ball, location: 2F 1-2: Strikes out swinging
|
Batting: RHB Gebre-Giorgios Wangondu
|
0-0: Ball 1-0: Ball 2-0: Swinging Strike 2-1: Swinging Strike 2-2: Ground out 5-3 (Groundball, 56S, EV 87.5 MPH)
|
Batting: LHB Tamaichi Sasada
|
0-0: Ground out 6-3 (Groundball, 4M, EV 109.4 MPH)
|
Bottom of the 1st over - 0 runs, 0 hits, 0 errors, 0 left on base; Salem-Keizer 0 - Rome 0 |
TOP OF THE 2ND |
Salem-Keizer Volcanoes batting - Pitching for Rome Braves : RHP Jimmy Loudner
|
Batting: RHB Jason Gregor
|
0-0: Foul Ball, location: 2F 0-1: Swinging Strike 0-2: Strikes out swinging
|
Batting: RHB Jonathan Reece
|
0-0: Called Strike 0-1: Ball 1-1: Foul Ball, location: 2F 1-2: Ball 2-2: Strikes out swinging
|
Batting: RHB Devin Lowery
|
0-0: Ball 1-0: Ball 2-0: Ball 3-0: Base on Balls
|
Batting: RHB Bob Schweiger
|
0-0: Ball Devin Lowery steals 2nd base 1-0: Ground out 6-3 (Groundball, 6, EV 92.5 MPH)
|
Top of the 2nd over - 0 runs, 0 hits, 0 errors, 1 left on base; Salem-Keizer 0 - Rome 0 |
BOTTOM OF THE 2ND |
Rome Braves batting - Pitching for Salem-Keizer Volcanoes : RHP Dan Giles
|
Batting: RHB Josh McCormick
|
0-0: Ball 1-0: Ball 2-0: Ball 3-0: Called Strike 3-1: Foul Ball, location: 2F 3-2: Base on Balls
|
Batting: RHB Terry Hughes
|
0-0: Ball 1-0: Reached on error, E5 (Groundball, 56, EV 83.8 MPH) Josh McCormick to second
|
Batting: RHB Costantino Dolfini
|
0-0: Called Strike 0-1: Foul Ball, location: 2F 0-2: Ball 1-2: Strikes out swinging
|
Batting: RHB Dave Pizarro
|
0-0: Fly out, F8 (Flyball, 8LD, EV 106.9 MPH)
|
Batting: RHB Adonis Jenifer
|
0-0: Fly out, F7 (Flyball, 7D, EV 90.0 MPH)
|
Bottom of the 2nd over - 0 runs, 0 hits, 1 error, 2 left on base; Salem-Keizer 0 - Rome 0 |
TOP OF THE 3RD |
Salem-Keizer Volcanoes batting - Pitching for Rome Braves : RHP Jimmy Loudner
|
Batting: RHB Sam Smith
|
0-0: Ball 1-0: Ball 2-0: Called Strike 2-1: Ball 3-1: Foul Ball, location: 2F 3-2: Ground out 4-3 (Groundball, 4MD, EV 104.4 MPH)
|
Batting: RHB Willie Sanchez
|
0-0: Called Strike 0-1: Ball 1-1: Ground out 6-3 (Groundball, 6D, EV 105.6 MPH)
|
Batting: RHB Ryan Bentz
|
0-0: Swinging Strike 0-1: Foul Ball, location: 2F 0-2: Ball 1-2: Ground out 5-3 (Groundball, 56S, EV 91.2 MPH)
|
Top of the 3rd over - 0 runs, 0 hits, 0 errors, 0 left on base; Salem-Keizer 0 - Rome 0 |
BOTTOM OF THE 3RD |
Rome Braves batting - Pitching for Salem-Keizer Volcanoes : RHP Dan Giles
|
Batting: RHB Vicente Guillen
|
0-0: Ball 1-0: Called Strike 1-1: Called Strike 1-2: Foul Ball, location: 2F 1-2: Ball 2-2: Strikes out looking
|
Batting: RHB Rafael Reyes
|
0-0: Ball 1-0: Foul Ball, location: 2F 1-1: Foul Ball, location: 2F 1-2: SINGLE (Groundball, 4M, EV 102.5 MPH) (infield hit)
|
Batting: RHB Gebre-Giorgios Wangondu
|
0-0: Ball Rafael Reyes is caught stealing 2nd base 2-4 1-0: Ball 2-0: Foul Ball, location: 2F 2-1: Foul Ball, location: 2F 2-2: Ball 3-2: Fly out, F3 (Popup, 3SF, EV 80.0 MPH)
|
Bottom of the 3rd over - 0 runs, 1 hit, 0 errors, 0 left on base; Salem-Keizer 0 - Rome 0 |
TOP OF THE 4TH |
Salem-Keizer Volcanoes batting - Pitching for Rome Braves : RHP Jimmy Loudner
|
Batting: RHB Troy Trice
|
0-0: Ball 1-0: Called Strike 1-1: Ball 2-1: Swinging Strike 2-2: Ball 3-2: Foul Ball, location: 2F 3-2: Ground out 5-3 (Groundball, 5, EV 81.9 MPH)
|
Batting: LHB Mason Duffy
|
0-0: Ball 1-0: Ball 2-0: Ball 3-0: Base on Balls
|
Batting: RHB Jason Gregor
|
0-0: Foul Ball, location: 2F 0-1: Foul Ball, location: 2F 0-2: Grounds into double play, 6-4-3 (Groundball, 6, EV 93.8 MPH)
|
Top of the 4th over - 0 runs, 0 hits, 0 errors, 0 left on base; Salem-Keizer 0 - Rome 0 |
BOTTOM OF THE 4TH |
Rome Braves batting - Pitching for Salem-Keizer Volcanoes : RHP Dan Giles
|
Batting: LHB Tamaichi Sasada
|
0-0: Foul Ball, location: 2F 0-1: Foul Ball, location: 2F 0-2: Ball 1-2: Ball 2-2: Ball 3-2: Fly out, F1 (Line Drive, P, EV 68.1 MPH)
|
Batting: RHB Josh McCormick
|
0-0: Ball 1-0: Ball 2-0: Called Strike 2-1: Called Strike 2-2: Ball 3-2: Foul Ball, location: 2F 3-2: Strikes out swinging
|
Batting: RHB Terry Hughes
|
0-0: Ball 1-0: Ball 2-0: Ground out U3 (Groundball, 3, EV 86.2 MPH)
|
Bottom of the 4th over - 0 runs, 0 hits, 0 errors, 0 left on base; Salem-Keizer 0 - Rome 0 |
TOP OF THE 5TH |
Salem-Keizer Volcanoes batting - Pitching for Rome Braves : RHP Jimmy Loudner
|
Batting: RHB Jonathan Reece
|
0-0: Ball 1-0: Swinging Strike 1-1: Ball 2-1: Called Strike 2-2: Ball 3-2: Ground out 6-3 (Groundball, 6D, EV 103.1 MPH)
|
Batting: RHB Devin Lowery
|
0-0: Called Strike 0-1: Swinging Strike 0-2: Ground out 6-3 (Groundball, 6, EV 107.5 MPH)
|
Batting: RHB Bob Schweiger
|
0-0: Ball 1-0: Called Strike 1-1: Ball 2-1: Ball 3-1: Called Strike 3-2: Fly out, F9 (Flyball, 9LS, EV 90.0 MPH)
|
Top of the 5th over - 0 runs, 0 hits, 0 errors, 0 left on base; Salem-Keizer 0 - Rome 0 |
BOTTOM OF THE 5TH |
Rome Braves batting - Pitching for Salem-Keizer Volcanoes : RHP Dan Giles
|
Batting: RHB Costantino Dolfini
|
0-0: Called Strike 0-1: Foul Ball, location: 2F 0-2: Foul Ball, location: 2F 0-2: Ball 1-2: Strikes out swinging
|
Batting: RHB Dave Pizarro
|
0-0: Ball 1-0: Called Strike 1-1: Ball 2-1: Ground out 5-3 (Groundball, 56, EV 81.2 MPH)
|
Batting: RHB Adonis Jenifer
|
0-0: Fly out, F7 (Flyball, 7, EV 76.9 MPH)
|
Bottom of the 5th over - 0 runs, 0 hits, 0 errors, 0 left on base; Salem-Keizer 0 - Rome 0 |
TOP OF THE 6TH |
Salem-Keizer Volcanoes batting - Pitching for Rome Braves : RHP Jimmy Loudner
|
Batting: RHB Sam Smith
|
0-0: Called Strike 0-1: Ball 1-1: Foul Ball, location: 2F 1-2: Ball 2-2: SINGLE (Groundball, 34D, EV 103.8 MPH)
|
Batting: RHB Willie Sanchez
|
0-0: Ball 1-0: Ball 2-0: Ball 3-0: Called Strike 3-1: Called Strike 3-2: Foul Ball, location: 2F 3-2: Base on Balls Sam Smith to second
|
Batting: RHB Ryan Bentz
|
0-0: Ball 1-0: Called Strike 1-1: Foul Ball, location: 2F 1-2: Foul Ball, location: 2F 1-2: SINGLE (Line Drive, 8LS, EV 111.2 MPH) Sam Smith to third Willie Sanchez to second
|
Batting: RHB Troy Trice
|
0-0: Ball 1-0: DOUBLE (Flyball, 8LXD, EV 98.8 MPH) Sam Smith scores Willie Sanchez scores Ryan Bentz to third Runner from 3rd tries for Home, throw by CF and OUT! 8-6-2
|
Batting: LHB Mason Duffy
|
0-0: Ball 1-0: Called Strike 1-1: Foul Ball, location: 2F 1-2: Strikes out looking
|
Batting: RHB Jason Gregor
|
0-0: Ball 1-0: Swinging Strike 1-1: Hit by Pitch
|
Batting: RHB Jonathan Reece
|
0-0: Ball 1-0: Called Strike 1-1: Fly out, F9 (Flyball, 89D, EV 100.6 MPH)
|
Top of the 6th over - 2 runs, 3 hits, 0 errors, 2 left on base; Salem-Keizer 2 - Rome 0 |
BOTTOM OF THE 6TH |
Rome Braves batting - Pitching for Salem-Keizer Volcanoes : RHP Dan Giles
|
Batting: RHB Vicente Guillen
|
0-0: Ball 1-0: Foul Ball, location: 2F 1-1: Ball 2-1: Ground out 3-1 (Groundball, 34S, EV 86.2 MPH)
|
Batting: RHB Rafael Reyes
|
0-0: Called Strike 0-1: Ball 1-1: Called Strike 1-2: Foul Ball, location: 2F 1-2: Strikes out swinging
|
Batting: RHB Gebre-Giorgios Wangondu
|
0-0: Ball 1-0: Ball 2-0: Called Strike 2-1: Foul Ball, location: 2F 2-2: DOUBLE (Flyball, 78D, EV 92.5 MPH)
|
Batting: LHB Tamaichi Sasada
|
0-0: Hit by Pitch
|
Batting: RHB Josh McCormick
|
0-0: Called Strike 0-1: Swinging Strike 0-2: Foul Ball, location: 2F 0-2: Strikes out swinging
|
Bottom of the 6th over - 0 runs, 1 hit, 0 errors, 2 left on base; Salem-Keizer 2 - Rome 0 |
TOP OF THE 7TH |
Salem-Keizer Volcanoes batting - Pitching for Rome Braves : RHP Jimmy Loudner
|
Pitching: RHP Seriozha Darzinsh
|
|
Batting: RHB Devin Lowery
|
0-0: Called Strike 0-1: Foul Ball, location: 2F 0-2: Foul Ball, location: 2F 0-2: Fly out, F7 (Flyball, 7D, EV 93.8 MPH)
|
Batting: RHB Bob Schweiger
|
0-0: Ball 1-0: Fly out, F9 (Flyball, 9, EV 86.2 MPH)
|
Batting: RHB Sam Smith
|
0-0: Called Strike 0-1: SINGLE (Groundball, 56D, EV 102.5 MPH)
|
Batting: RHB Willie Sanchez
|
0-0: Called Strike 0-1: Swinging Strike 0-2: Ball 1-2: Foul Ball, location: 2F 1-2: Strikes out swinging
|
Top of the 7th over - 0 runs, 1 hit, 0 errors, 1 left on base; Salem-Keizer 2 - Rome 0 |
BOTTOM OF THE 7TH |
Rome Braves batting - Pitching for Salem-Keizer Volcanoes : RHP Dan Giles
|
Batting: RHB Terry Hughes
|
0-0: Ball 1-0: Fly out, F8 (Flyball, 8RXD, EV 90.6 MPH)
|
Batting: RHB Costantino Dolfini
|
0-0: Ball 1-0: Ball 2-0: Swinging Strike 2-1: Ball 3-1: TRIPLE (Flyball, 89XD, EV 105.6 MPH)
|
Batting: RHB Dave Pizarro
|
0-0: Ball 1-0: SINGLE (Groundball, 6M, EV 103.8 MPH) (infield hit) Costantino Dolfini scores
|
Pitching: RHP Sam Drews
|
|
Batting: RHB Adonis Jenifer
|
0-0: Ball 1-0: Ball Passed Ball! Dave Pizarro to second 2-0: Foul Ball, location: 2F 2-1: Swinging Strike 2-2: Foul Ball, location: 2F 2-2: Strikes out swinging
|
Pinch Hitting: RHB Tim Molchan
|
0-0: Swinging Strike 0-1: Called Strike 0-2: Strikes out swinging
|
Bottom of the 7th over - 1 run, 2 hits, 0 errors, 1 left on base; Salem-Keizer 2 - Rome 1 |
TOP OF THE 8TH |
Salem-Keizer Volcanoes batting - Pitching for Rome Braves : RHP Seriozha Darzinsh
|
Now at 3B: Phil Holman
|
|
Now at SS: Rafael Reyes
|
|
Batting: RHB Ryan Bentz
|
0-0: Called Strike 0-1: Swinging Strike 0-2: Ball 1-2: Strikes out swinging
|
Batting: RHB Troy Trice
|
0-0: Ball 1-0: Called Strike 1-1: Ball 2-1: SINGLE (Line Drive, 8RS, EV 106.9 MPH)
|
Batting: LHB Mason Duffy
|
0-0: Foul Ball, location: 2F 0-1: Ball 1-1: Ball 2-1: Ball 3-1: Called Strike 3-2: SINGLE (Flyball, 89S, EV 93.1 MPH) Troy Trice to second Troy Trice to third
|
Batting: RHB Jason Gregor
|
0-0: Called Strike 0-1: Foul Ball, location: 2F 0-2: Foul Ball, location: 2F 0-2: Ball 1-2: Grounds into double play, 1-4-3 (Groundball, P, EV 66.2 MPH)
|
Top of the 8th over - 0 runs, 2 hits, 0 errors, 1 left on base; Salem-Keizer 2 - Rome 1 |
BOTTOM OF THE 8TH |
Rome Braves batting - Pitching for Salem-Keizer Volcanoes : RHP Sam Drews
|
Now in LF: Justin Layton
|
|
Batting: RHB Rafael Reyes
|
0-0: Called Strike 0-1: Swinging Strike 0-2: Foul Ball, location: 2F 0-2: Strikes out looking
|
Batting: RHB Gebre-Giorgios Wangondu
|
0-0: Ball 1-0: SINGLE (Groundball, 3S, EV 70.0 MPH) (infield hit)
|
Batting: LHB Tamaichi Sasada
|
0-0: Fielders Choice at 2nd, 3-6 (Groundball, 3S, EV 90.0 MPH)
|
Batting: RHB Josh McCormick
|
0-0: Foul Ball, location: 2F 0-1: Called Strike 0-2: Ball 1-2: Ball 2-2: Ball 3-2: Foul Ball, location: 2F 3-2: Foul Ball, location: 2F 3-2: Base on Balls Tamaichi Sasada to second
|
Batting: RHB Terry Hughes
|
0-0: Fielders Choice at 2nd, 6-4 (Groundball, 6, EV 91.9 MPH)
|
Bottom of the 8th over - 0 runs, 1 hit, 0 errors, 2 left on base; Salem-Keizer 2 - Rome 1 |
TOP OF THE 9TH |
Salem-Keizer Volcanoes batting - Pitching for Rome Braves : RHP Seriozha Darzinsh
|
Batting: LHB Nate Conley
|
0-0: Called Strike 0-1: Ball 1-1: Swinging Strike 1-2: Fly out, F5 (Line Drive, 5, EV 61.2 MPH)
|
Batting: RHB Devin Lowery
|
0-0: Ball 1-0: Ball 2-0: Foul Ball, location: 2F 2-1: Ball 3-1: Fly out, F4 (Popup, 4S, EV 63.8 MPH)
|
Batting: RHB Bob Schweiger
|
0-0: Called Strike 0-1: Ball 1-1: Called Strike 1-2: Strikes out swinging
|
Top of the 9th over - 0 runs, 0 hits, 0 errors, 0 left on base; Salem-Keizer 2 - Rome 1 |
BOTTOM OF THE 9TH |
Rome Braves batting - Pitching for Salem-Keizer Volcanoes : RHP Sam Drews
|
Batting: RHB Costantino Dolfini
|
0-0: Ball 1-0: Ball 2-0: Ball 3-0: Base on Balls
|
Batting: RHB Dave Pizarro
|
0-0: Sac Bunt to 23 - play at first, batter OUT! 3-4 Costantino Dolfini to second
|
Batting: RHB Adonis Jenifer
|
0-0: Hit by Pitch
|
Pinch Hitting: RHB Armando Moz
|
0-0: Ball 1-0: Swinging Strike 1-1: Ball 2-1: Ball 3-1: DOUBLE (Line Drive, 7LM, EV 105.0 MPH) Costantino Dolfini scores Adonis Jenifer to third
|
Batting: RHB Rafael Reyes
|
0-0: Ball 1-0: Ball 2-0: Foul Ball, location: 2F 2-1: SINGLE (Line Drive, 8LS, EV 92.5 MPH) Adonis Jenifer scores
|
Bottom of the 9th over - 2 runs, 2 hits, 0 errors, 2 left on base; Salem-Keizer 2 - Rome 3 |
|